 Dungeon Crawl Stone Soup version 0.29-a0-872-g797fff5ad1 (webtiles) character file.

Game seed: 2358754027784835833

30 xian the Trooper (level 3, -1/31 HPs)
             Began as a Draconian Fighter on July 19, 2022.
             Slain by Terence
             ... wielding a +0 hand axe
              (6 damage)
             ... on level 1 of the Dungeon.
             The game lasted 00:04:03 (1450 turns).

xian the Trooper (Draconian Fighter)                Turns: 1450, Time: 00:04:04

Health: -1/31      AC:  5    Str: 20    XL:     3   Next: 3%
Magic:  3/3        EV: 12    Int:  8    God:
Gold:   25         SH:  4    Dex: 10    Spells: 2/2 levels left

rFire   . . .      SeeInvis .   a - +0 long sword
rCold   . . .      Faith    .   b - +0 buckler
rNeg    . . .      Spirit   .   (body armour unavailable)
rPois   .          Reflect  .   (helmet restricted)
rElec   .          Harm     .   (no cloak)
rCorr   .          Rampage  .   (no gloves)
Will    .....                   (no boots)
Stlth   +.........              (no amulet)
HPRegen 0.10/turn               (no ring)
MPRegen 0.08/turn               (no ring)

@: mighty
A: AC +5, unfitting armour, cold-blooded
a: no special abilities


You were on level 1 of the Dungeon.
You visited 1 branch of the dungeon, and saw 2 of its levels.

You collected 25 gold pieces.

Inventory:

Hand Weapons
 a - a +0 long sword (weapon)
Missiles
 i - 5 boomerangs (quivered)
Armour
 b - a +0 buckler (worn)
Scrolls
 f - a scroll of blinking {unknown}
 g - a scroll of immolation
 h - a scroll of teleportation
 j - a scroll of vulnerability {unknown}
Potions
 c - a potion of might
 e - a potion of magic
 k - a potion of curing {unknown}


   Skills:
 + Level 3.5 Fighting
 + Level 2.4 Long Blades
 + Level 0.2 Throwing
 + Level 3.0 Dodging
 + Level 0.3 Stealth
 + Level 3.3 Shields


You had 2 spell levels left.
You didn't know any spells.
Your spell library contained the following spells:

 Spells                   Type           Power      Damage    Failure   Level
 Sublimation of Blood     Necr           0%         N/A       65%         2
 Petrify                  Tmut/Erth      0%         N/A       99%         4
 Irradiate                Conj/Tmut      0%         3d11      100%        5


Dungeon Overview and Level Annotations

Branches:
Dungeon (2/15)

Altars:

Annotations:
D:1 Terence


Innate Abilities, Weirdness & Mutations

Your plain brown scales are hard. (AC +5)
You cannot fit into any form of body armour.
You are cold-blooded and may be slowed by cold attacks.


Message History

The bat barely misses you.
You climb upwards.
There is a stone staircase leading down here.
You can't go down here!
There is a stone staircase leading down here.
You climb downwards.
Level annotation: Terence The frilled lizard barely misses you.
You block Terence's attack. The worm barely misses you.
There is a stone staircase leading up here.
The frilled lizard bites you but does no damage.
Terence barely misses you.
You climb upwards.
There is a stone staircase leading down here.
You closely miss the frilled lizard. You tail-slap the frilled lizard.
You kill the frilled lizard!
You block Terence's attack. Terence closely misses you.
Your Dodging skill increases to level 3!
You hit the worm.
The worm is moderately wounded.
The worm completely misses you. Terence screams, "I want your blood!"
Terence closely misses you.
You hit the worm.
The worm is severely wounded.
Terence hits you with a +0 hand axe. The worm bites you.
You slash the worm!
You kill the worm!
Terence closely misses you. Terence hits you with a +0 hand axe!
You have reached level 3!
Your experience leads to an increase in your attributes!
Increase (S)trength, (I)ntelligence, or (D)exterity?
You feel stronger. x2; Your scales feel tougher.
You feel very mighty all of a sudden. Terence hits you with a +0 hand axe.
* * * LOW HITPOINT WARNING * * *
You hit Terence.
Terence is moderately wounded.
Terence hits you with a +0 hand axe.
You die...

.# #.# #.# .# #.# #.#
.# #.# #.####### .#
#.# #.......# .#
#.##### ######.## ##
#.....# #.#
.#############.# #.#
#.........####.### #.#
+..............@@# #.#
#.........######†# #.#
#.........# #...######
#.# #.........#
#.###....# #.#
########### #.# #.##.#
#.# ####
#.###.##.###.## ...#
#......#......# ...#
######################
...#
#................#


You could see Terence.

Vanquished Creatures
  A worm (D:1)
  A ball python (D:2)
  A goblin (D:1)
  A hobgoblin (D:1)
  7 jackals (D:1)
  4 kobolds (D:1)
  2 quokkas (D:1)
  2 frilled lizards (D:1)
  4 rats (D:1)
23 creatures vanquished.

Notes
Turn   | Place    | Note
-------+----------+-------------------------------------------
     0 | D:1      | xian the Draconian Fighter began the quest for the Orb.
     0 | D:1      | Reached XP level 1. HP: 19/19 MP: 1/1
   343 | D:1      | Reached XP level 2. HP: 15/26 MP: 2/2
  1165 | D:1      | Found a faded altar of an unknown god.
  1432 | D:2      | Noticed Terence
  1449 | D:1      | Reached XP level 3. HP: 9/31 MP: 3/3
  1450 | D:1      | Slain by Terence

Illustrated notes

Levels and vault maps discovered:
D:1:      wander_arrival_desolate, layout_basic,
          hellmonk_ecumenical_altar_leap_of_faith, kennysheep_doodads
D:2:      layout_basic, serial_shops, nicolae_diamond_shop, uniq_terence

Skill      XL: |  1  2 |
---------------+-------+-----
Dodging        | 3 |  3.0
Fighting       | |  3.5
Long Blades    | |  2.4
Throwing       | |  0.2
Stealth        | |  0.3
Shields        | |  3.3

Action                   || total
-------------------------++-------
Melee: Long sword        ||    68
       Tailslap          ||     5
Throw: Javelin           ||     8
       Boomerang         ||     1
  Use: Scroll            ||     4
       Potion            ||     1
Armor: Skin              ||    27
Dodge: Dodged            ||    70
Block: Buckler           ||    26

Table legend: (Time is in decaauts)
 A = Elapsed time spent in this place.
 B = Non-inter-level travel time spent in this place.
 C = Inter-level travel time spent in this place.
 D = Time resting spent in this place.
 E = Time spent auto-exploring this place.
 F = Levels seen in this place.
 G = Mean time per level.
                   A        B        C        D        E       F      G
               +--------+--------+--------+--------+--------+-----+--------+
         Total |   1477 |   1477 |      0 |      0 |   1104 |   2 |  738.5 |
       Dungeon |   1477 |   1477 |      0 |      0 |   1104 |   2 |  738.5 |
               +--------+--------+--------+--------+--------+-----+--------+

Top non-repeatable levels by time:
     D:1: 1462 daAuts
     D:2: 15 daAuts
